 Dungeon Crawl Stone Soup version 0.29-a0-1009-g60c99734e7 (webtiles) character file.

Game seed: 5289904116437152400

113 ragingrage the Chopper (level 4, -7/23 HPs)
             Began as a Vine Stalker Chaos Knight on Aug 8, 2022.
             Was a Plaything of Xom.
             Mangled by a tarantella (shapeshifter) (8 damage)
             ... on level 2 of the Dungeon.
             The game lasted 00:02:15 (1498 turns).

ragingrage the Chopper (Vine Stalker Chaos Knight)  Turns: 1498, Time: 00:02:15

Health: -7/23      AC:  5    Str: 16    XL:     4   Next: 96%
Magic:  0/5        EV: 11    Int: 12    God:    Xom [..*...]
Gold:   71         SH:  0    Dex: 14    Spells: 3/3 levels left

rFire   . . .      SeeInvis .   a - +0 hand axe (chaos)
rCold   . . .      Faith    .   (no shield)
rNeg    . . .      Spirit   +   b - +2 leather armour
rPois   .          Reflect  .   (no helmet)
rElec   .          Harm     .   (no cloak)
rCorr   .          Rampage  .   (no gloves)
Will    .....                   (no boots)
Stlth   ..........              (no amulet)
HPRegen 0.87/turn               (no ring)
MPRegen 0.09/turn               (no ring)

@: confused, silenced
A: fangs 2, regeneration 1, magic shield, antimagic bite, no potion heal 2
a: Renounce Religion


You were on level 2 of the Dungeon.
You worshipped Xom.
You were a toy of Xom.
You visited 1 branch of the dungeon, and saw 2 of its levels.

You collected 71 gold pieces.

Inventory:

Hand Weapons
 a - a +0 hand axe of chaos (weapon)
Missiles
 g - 2 poisoned darts
 i - 3 javelins
Armour
 b - a +2 leather armour (worn)
Scrolls
 h - a scroll of identify {unknown}
 k - 2 scrolls of fear {unknown}
Potions
 d - a potion of lignification {unknown}
 e - a potion of flight {unknown}
 j - a potion of degeneration {unknown}
Miscellaneous
 c - a piece from Xom's chessboard (15/15) (quivered)


   Skills:
 - Level 2.6 Fighting
 * Level 5.0 Axes
 - Level 1.5 Armour
 - Level 0.7 Dodging


You had 3 spell levels left.
You didn't know any spells.
Your spell library contained the following spells:

 Spells                   Type           Power      Damage    Failure   Level
 Summon Guardian Golem    Hex/Summ       0%         N/A       77%         3
 Orb of Destruction       Conj           0%         9d5       100%        7
 Spellforged Servitor     Conj/Summ      0%         N/A       100%        7


Dungeon Overview and Level Annotations

Branches:
Dungeon (2/15)

Altars:
Makhleb


Innate Abilities, Weirdness & Mutations

You have extremely sharp teeth.
Your natural rate of healing is unusually fast.
When hurt, damage is shared between your health and your magic reserves.
Your bite disrupts and absorbs the magic of your enemies.
Potions cannot restore your health.


Message History

The ball python closely misses you.
You closely miss the tarantella. Your bite misses the tarantella.
You hit the kobold. You freeze the kobold.
You kill the kobold!
You hit the ball python. The tarantella touches you.
The ball python closely misses you. The ball python barely misses you.
You are too injured to fight recklessly!
You are too injured to fight recklessly!
You are too injured to fight recklessly!
You are too injured to fight recklessly!
You are too injured to fight recklessly!
You are too injured to fight recklessly!
You are too injured to fight recklessly!
You are too injured to fight recklessly!
You are too injured to fight recklessly!
You are too injured to fight recklessly!
You are too injured to fight recklessly!
You are too injured to fight recklessly!
You are too injured to fight recklessly!
You are too injured to fight recklessly!
You are too injured to fight recklessly!
As you read the scroll labelled LAXTEM QADWAOT, it crumbles to dust.
A profound silence engulfs you.
It was a scroll of silence.
The tarantella completely misses you.
The ball python bites you but does no damage.
The ball python closely misses you. The tarantella touches you!
You are confused.
Unknown command.
You are too confused!
You're too confused to move!
The ball python misses you. The ball python completely misses you.
The tarantella touches you but does no damage.
You miss the ball python. You punch the ball python.
You kill the ball python!
You miss the tarantella. The tarantella touches you!
* * * LOW HITPOINT WARNING * * *
You are more confused.
The tarantella touches you!
You die...
Xom is highly amused!

..~#'#######
..~#.......#
#.~#.......#
#.~#..(....#
#.~#.......#
..~#.......#############
~~~#...................#
####...............)...#
#..####.......@s.....#
#.)# #.......†).....#
#..# #..............#
####.# #..............#
....># #.............?#
###### #...........[..#
################


You could see a tarantella shaped shifter.

Vanquished Creatures
  A gnoll (D:1)
  5 adders (D:2)
  3 dart slugs
  5 bats
  4 endoplasms
  3 giant cockroaches
  6 goblins
  8 hobgoblins
  5 kobolds
  A quokka (D:1)
  4 ball pythons
  4 rats
49 creatures vanquished.

Notes
Turn   | Place    | Note
-------+----------+-------------------------------------------
     0 | D:1      | ragingrage the Vine Stalker Chaos Knight began the quest
                  | for the Orb.
     0 | D:1      | Reached XP level 1. HP: 11/11 MP: 2/2
   155 | D:1      | Reached skill level 3 in Axes
   176 | D:1      | Reached XP level 2. HP: 10/16 MP: 3/3
   190 | D:1      | XOM: silly message
   297 | D:1      | Reached XP level 3. HP: 19/19 MP: 4/4
   341 | D:1      | XOM: noise
   360 | D:1      | XOM: silly message
   518 | D:1      | Reached skill level 4 in Axes
   999 | D:2      | Gained mutation: Your natural rate of healing is unusually
                  | fast. [Vine Stalker growth]
   999 | D:2      | Reached XP level 4. HP: 3/23 MP: 3/5
  1176 | D:2      | Found a burning altar of Makhleb.
  1373 | D:2      | Reached skill level 5 in Axes
  1422 | D:2      | XOM: silly message
  1494 | D:2      | Noticed a shapeshifter
  1494 | D:2      | a dart slug changed into a shapeshifter
  1494 | D:2      | Noticed a tarantella
  1494 | D:2      | a shapeshifter changed into a tarantella
  1498 | D:2      | HP: 1/23 [tarantella (shapeshifter) (8)]
  1498 | D:2      | Mangled by a tarantella (shapeshifter)

Illustrated notes

Levels and vault maps discovered:
D:1:      evilmike_arrival_crescent, layout_loops_ring, st_stairs_8
D:2:      layout_basic, basic_altar, kennysheep_generic_room_7

Skill      XL: |  1  2  3  4 |
---------------+-------------+-----
Axes           | 3 4 5 |  5.0
Fighting       | |  2.6
Armour         | |  1.5
Dodging        | |  0.7

Action                   |  1- 3 |  4- 6 || total
-------------------------+-------+-------++-------
Melee: Hand axe          |    75 |    51 ||   126
       Bite              |    25 |    13 ||    38
       Punch             |     1 |     1 ||     2
  Use: Scroll            |       |     1 ||     1
 Stab: Petrified         |     2 |       ||     2
Armor: Leather armour    |    35 |    22 ||    57
Dodge: Dodged            |    46 |    30 ||    76

Table legend: (Time is in decaauts)
 A = Elapsed time spent in this place.
 B = Non-inter-level travel time spent in this place.
 C = Inter-level travel time spent in this place.
 D = Time resting spent in this place.
 E = Time spent auto-exploring this place.
 F = Levels seen in this place.
 G = Mean time per level.
                   A        B        C        D        E       F      G
               +--------+--------+--------+--------+--------+-----+--------+
         Total |   1512 |   1421 |     91 |     18 |   1079 |   2 |  756.0 |
       Dungeon |   1512 |   1421 |     91 |     18 |   1079 |   2 |  756.0 |
               +--------+--------+--------+--------+--------+-----+--------+

Top non-repeatable levels by time:
     D:1: 943 daAuts
     D:2: 568 daAuts
